 Dungeon Crawl Stone Soup version 0.20.2-3-g29329e0561 (webtiles) character file.

599 Alfie the Covered (level 7, -3/60 HPs)
             Began as a Hill Orc Fighter on Dec 14, 2023.
             Slain by an ogre
             ... wielding a +0 giant spiked club
              (25 damage)
             ... on level 4 of the Dungeon.
             The game lasted 00:09:11 (2869 turns).

Alfie the Covered (Hill Orc Fighter)                Turns: 2869, Time: 00:09:12

Health: -3/60      AC:  8    Str: 21    XL:     7   Next: 41%
Magic:  7/7        EV:  9    Int:  8    God:
Gold:   219        SH: 10    Dex: 10    Spells: 6/6 levels left

rFire    . . .     SeeInvis .   a - +0 rapier
rCold    + . .     Gourm    .   c - +0 shield
rNeg     . . .     Faith    .   q - +0 ring mail {rC+}
rPois    .         Spirit   .   k - +1 helmet
rElec    .         Reflect  .   (no cloak)
rCorr    .         Harm     .   (no gloves)
MR       .....                  (no boots)
Stlth    +.........             (no amulet)
Regen    0.2/turn               (no ring)
MPRegen  0.1/turn               (no ring)

@: no status effects
A: no striking features
a: no special abilities


You were on level 4 of the Dungeon.
You were not hungry.

You visited 1 branch of the dungeon, and saw 4 of its levels.

You collected 219 gold pieces.

Inventory:

Hand Weapons
 a - a +0 rapier (weapon)
Missiles
 C - 3 tomahawks (quivered)
Armour
 c - a +0 shield (worn)
 k - a +1 helmet (worn)
 q - a +0 ring mail of cold resistance (worn)
Jewellery
 o - a +4 ring of intelligence
Wands
 w - a wand of random effects (48/48)
 x - a wand of polymorph (22/24)
Scrolls
 b - a scroll of random uselessness {unknown}
 j - a scroll of enchant armour {unknown}
 n - 2 scrolls of remove curse
 p - 3 scrolls of blinking
 z - a scroll of noise {unknown}
 D - a scroll of immolation {unknown}
Potions
 g - a potion of agility
 h - a potion of brilliance {unknown}
 m - a potion of degeneration {unknown}
 r - a potion of magic {unknown}
 s - a potion of curing {unknown}
 t - a potion of haste {unknown}
 u - a potion of resistance {unknown}
 v - a potion of heal wounds {unknown}
 A - 2 potions of cancellation {unknown}
Comestibles
 f - a bread ration
 l - 4 meat rations
 B - a fruit


   Skills:
 + Level 4.7 Fighting
 + Level 4.9 Short Blades
 + Level 5.2 Armour
 + Level 1.5 Dodging
 + Level 0.3 Stealth
 + Level 5.0 Shields


You had 6 spell levels left.
You didn't know any spells.

Dungeon Overview and Level Annotations

Branches:
Dungeon (4/15)
 Temple: D:4-7

Altars:
Ashenzari


Message History

Grinder blinks!
Grinder gestures at you. Pain shoots through your body!
Grinder blinks!
You puncture Grinder!
Grinder is almost dead.
Grinder gestures at you. Pain shoots through your body!
Grinder closely misses you.
You hit Grinder.
You kill Grinder!
Your Armour skill increases to level 5!
Your Shields skill increases to level 5!
You have reached level 7!
You now have 219 gold pieces (gained 12).
An ogre comes into view. It is wielding a giant spiked club.
You eat one of the 2 bread rations.
That bread ration really hit the spot!
The ogre hits you with a giant spiked club!
You hit the ogre but do no damage.
The ogre hits you with a giant spiked club!!
You die...

....#.........#####
....#.........#
#####.........# #
#.........# #
###.......# # #.......#
# ##..###.# #####
##>#...#######.#
....#######.#...@O....#
###.#.......#.#########
#.#.#######.# #.#.# #.#
#.#.# #.# #.#.# #.#
#.#.# #.# #.#.# #.#
#.#.#


You could see an ogre.

Vanquished Creatures
  The ghost of Alfie the Skirmisher, an amateur HOFi (D:4)
  Grinder (D:4)
  An orc priest (D:3)
  4 gnolls (D:4)
  4 adders
  4 worms
  2 dart slugs (D:1)
  A leopard gecko (D:3)
  5 orcs (D:3)
  4 giant cockroaches
  6 goblins
  7 hobgoblins
  6 jackals
  8 kobolds
  3 quokkas
  A ball python (D:3)
  10 bats
  6 frilled lizards
  9 rats
83 creatures vanquished.

Notes
Turn   | Place    | Note
-------+----------+-------------------------------------------
     0 | D:1      | Alfie the Hill Orc Fighter began the quest for the Orb.
     0 | D:1      | Reached XP level 1. HP: 19/19 MP: 1/1
   112 | D:1      | Reached XP level 2. HP: 22/27 MP: 2/2
   364 | D:1      | Reached XP level 3. HP: 33/33 MP: 3/3
  1512 | D:3      | Found a shattered altar of Ashenzari.
  1558 | D:3      | Reached XP level 4. HP: 40/40 MP: 4/4
  1881 | D:3      | Reached skill level 1 in Dodging
  2153 | D:3      | Reached XP level 5. HP: 43/46 MP: 5/5
  2417 | D:4      | Noticed Alfie's ghost (amateur HOFi)
  2651 | D:4      | Killed Alfie's ghost
  2651 | D:4      | Reached XP level 6. HP: 20/53 MP: 6/6
  2828 | D:4      | Noticed Grinder
  2839 | D:4      | Paralysed by Grinder for 4 turns
  2853 | D:4      | Killed Grinder
  2853 | D:4      | Reached skill level 5 in Armour
  2853 | D:4      | Reached skill level 5 in Shields
  2853 | D:4      | Reached XP level 7. HP: 36/60 MP: 7/7
  2869 | D:4      | Slain by an ogre

Skill      XL: |  1  2  3  4  5  6 |
---------------+-------------------+-----
Fighting       | 4 |  4.7
Short Blades   | 3 4 |  4.9
Armour         | 4 5 |  5.2
Dodging        | 1 |  1.5
Shields        | 4 5 |  5.0
Stealth        | |  0.3

Action                   |  1- 3 |  4- 6 |  7- 9 || total
-------------------------+-------+-------+-------++-------
Melee: Rapier            |   136 |   176 |     1 ||   313
  Use: Scroll            |     2 |     9 |       ||    11
       Potion            |       |     2 |       ||     2
  Eat: Bread ration      |     1 |       |     1 ||     2
       Fruit             |       |     2 |       ||     2
Armor: Scale mail        |    38 |       |       ||    38
       Ring mail         |    26 |    56 |       ||    82
Dodge: Dodged            |    44 |    61 |       ||   105
Block: Shield            |    71 |    81 |       ||   152
